 Dungeon Crawl Stone Soup version 0.30.1-3-gfc49f6343a (webtiles) character file.

Game seed: 6942430903606884998

464 101zpm the Magician (level 7, -3/45 HPs)
             Began as a Djinni Fire Elementalist on July 27, 2023.
             Slain by a phantom (6 damage)
             ... on level 4 of the Dungeon.
             The game lasted 00:05:11 (1622 turns).

101zpm the Magician (Djinni Fire Elementalist)      Turns: 1622, Time: 00:05:12

Health: -3/45      AC:  2    Str:  7    XL:     7   Next: 29%
Gold:   109        EV: 12    Int: 19    God:
                   SH:  0    Dex: 13

rFire   + + .        (no weapon)
rCold   x . .        (no shield)
rNeg    . . .        a - +0 robe
rPois   ∞            (no helmet)
rElec   .            (no cloak)
rCorr   .            (no gloves)
SInv    .            (boots unavailable)
Will    .....        (no amulet)
Stlth   ++           (no ring)
HPRegen 0.27/turn    (no ring)
MPRegen 0.00/turn

%: infuse magic (-4 HP)
@: flying
A: sickness immunity, fire resistance 2, cold vulnerability 1, float, innate
caster, HP casting, extra vitality 1
a: no special abilities


You were on level 4 of the Dungeon.
You visited 1 branch of the dungeon, and saw 4 of its levels.
You also visited: Sewer.

You collected 109 gold pieces.

Inventory:

Missiles
 e - 16 stones
Armour
 a - a +0 robe (worn)
Jewellery
 i - a ring of wizardry
Wands
 j - a wand of light (6)
Scrolls
 b - a scroll of poison {unknown}
 c - 4 scrolls of identify {unknown}
 d - 5 scrolls of teleportation {unknown}
 h - 4 scrolls of vulnerability {unknown}
Potions
 f - 3 potions of might {unknown}
 g - a potion of curing {unknown}


   Skills:
 + Level 3.0 Dodging
 + Level 2.2 Stealth
 + Level 5.6 Spellcasting


You knew the following spells:

 Your Spells              Type           Power      Damage    Failure   Level
a - Foxfire               Conj/Fire      100%       2x1d9     1%          1
b - Scorch                Fire           52%        2d7       1%          2
c - Volatile Blastmotes   Fire/Tloc      52%        2d14      3%          3
d - Inner Flame           Hex/Fire       26%        N/A       3%          3
e - Flame Wave            Conj/Fire      26%        2d8       12%         4
f - Kiss of Death         Conj/Necr      100%       2d13      1%          1
g - Passwall              Tmut/Erth      21%        N/A       1%          2
h - Mephitic Cloud        Conj/Pois/Air  26%        N/A       3%          3
Your spell library was empty.

Dungeon Overview and Level Annotations

Branches:
Dungeon (4/15)              Sewer (visited)
 Temple: D:4-7

Altars:


Innate Abilities, Weirdness & Mutations

You are immune to sickness and miasma.
You are immune to poison.
Your flesh is very heat resistant. (rF++)
You are vulnerable to cold. (rC-)
You float through the air rather than walking.
You learn spells naturally, not from books.
Your magical power is your life essence.
You have superior vitality. (+4 MHP)


Message History

* * * LOW HITPOINT WARNING * * *
Your foxfire dissipates!
Casting: Foxfire (safe; 1% risk of failure)
Press: ? - help, Q - select action, (/) - cycle Dir - look around, f - activate You conjure some foxfire!
* * * LOW HITPOINT WARNING * * *
Your foxfire dissipates!
Casting: Foxfire (safe; 1% risk of failure)
Press: ? - help, Q - select action, (/) - cycle Dir - look around, f - activate You conjure some foxfire!
* * * LOW HITPOINT WARNING * * *
The foxfire hits the hobgoblin.
The hobgoblin is heavily wounded.
The foxfire hits the hobgoblin!
You kill the hobgoblin!
Your foxfire dissipates!
Your foxfire dissipates!
A phantom comes into view.
Your foxfire dissipates! x2
Casting: Foxfire (safe; 1% risk of failure)
Press: ? - help, Q - select action, (/) - cycle Dir - look around, f - activate You conjure some foxfire!
* * * LOW HITPOINT WARNING * * *
Casting: Foxfire (safe; 1% risk of failure)
Press: ? - help, Q - select action, (/) - cycle Dir - look around, f - activate You conjure some foxfire!
* * * LOW HITPOINT WARNING * * *
The foxfire hits the phantom.
The phantom is moderately damaged.
The foxfire hits the phantom.
The phantom is moderately damaged.
The foxfire hits the phantom.
The phantom is severely damaged.
The foxfire hits the phantom.
The phantom is severely damaged.
The phantom misses you.
A sleepcap comes into view.
The phantom attacks as you move away! The phantom misses you.
The phantom attacks as you move away! The phantom hits you.
You die...

.......................
....<....................
##.......................
##......................
##...#.................
#...##........f........
#.... #..................
.....
##..####............ .##
#..# #@............ #..#
#W............ ##.#
#............. #~#
##.†.......... #~#
#............
##.....†.....
#........... #...........
#...........


You could see a phantom and a sleepcap.

Vanquished Creatures
  A water moccasin (Sewer)
  An ogre (D:4)
  A centaur (D:3)
  A hound (D:4)
  An iguana (D:4)
  Natasha (twice) (D:4)
  5 adders
  A dart slug (D:3)
  3 orcs (D:3)
  2 bats
  3 endoplasms
  4 giant cockroaches (D:3)
  A goblin (D:2)
  4 hobgoblins
  5 jackals
  2 kobolds (D:2)
  3 quokkas (D:3)
  4 ball pythons
  A frilled lizard (D:3)
  3 rats
48 creatures vanquished.

Vanquished Creatures (others)
  183 foxfires
183 creatures vanquished.

Grand Total: 231 creatures vanquished

Notes
Turn   | Place    | Note
-------+----------+-------------------------------------------
     0 | D:1      | 101zpm the Djinni Fire Elementalist began the quest for the
                  | Orb.
     0 | D:1      | 101zpm set off with the following spells memorised:
                  | Foxfire, Scorch, Volatile Blastmotes, Inner Flame, Flame
                  | Wave.
     0 | D:1      | Reached XP level 1. HP: 15/15 MP: 0/0
   125 | D:1      | Reached XP level 2. HP: 20/21 MP: 0/0
   306 | D:2      | Reached skill level 3 in Spellcasting
   306 | D:2      | Reached XP level 3. HP: 20/25 MP: 0/0
   306 | D:2      | Learned a level 1 spell: Kiss of Death
   571 | D:3      | Found a glowing drain.
   578 | D:3      | Reached XP level 4. HP: 18/31 MP: 0/0
   582 | Sewer    | Entered a sewer
   668 | Sewer    | Noticed a water moccasin
   674 | Sewer    | Killed a water moccasin
   675 | Sewer    | Reached skill level 4 in Spellcasting
   675 | Sewer    | Reached XP level 5. HP: 29/35 MP: 0/0
   675 | Sewer    | Learned a level 2 spell: Passwall
  1133 | D:3      | Noticed a centaur
  1136 | D:3      | Killed a centaur
  1137 | D:3      | Reached XP level 6. HP: 19/40 MP: 0/0
  1575 | D:4      | Reached skill level 5 in Spellcasting
  1577 | D:4      | Noticed Natasha
  1581 | D:4      | Killed Natasha
  1586 | D:4      | Noticed an ogre
  1590 | D:4      | Killed an ogre
  1591 | D:4      | Reached XP level 7. HP: 14/45 MP: 0/0
  1591 | D:4      | Learned a level 3 spell: Mephitic Cloud
  1593 | D:4      | Noticed Natasha
  1598 | D:4      | Killed Natasha
  1622 | D:4      | Slain by a phantom

Illustrated notes

Levels and vault maps discovered:
D:1:      dpeg_arrival_tiny_c, layout_loops_corners
D:2:      kennysheep_six_static_rooms, layout_loops_ring
D:3:      layout_loops_ring, gup_sewer_entry_pipe
D:4:      cheibrodos_thug_alley, layout_layer_cave, nicolae_overflow_squiral,
          guppyfry_early_orc_mine, uniq_natasha

Skill      XL: |  1  2  3  4  5  6 |
---------------+-------------------+-----
Spellcasting   | 3 4 5 |  5.6
Dodging        | 3 |  3.0
Stealth        | 2 |  2.2

Action                     |  1- 3 |  4- 6 |  7- 9 || total
---------------------------+-------+-------+-------++-------
   Cast: Foxfire           |    43 |    60 |    12 ||   115
         Scorch            |    11 |     9 |     1 ||    21
         Inner Flame       |       |     7 |     1 ||     8
         Mephitic Cloud    |       |       |     1 ||     1
 Armour: Robe              |       |     1 |       ||     1
  Dodge: Dodged            |       |     1 |     2 ||     3
